 Dungeon Crawl Stone Soup version 0.30.0-5-g1a98f26d00 (webtiles) character file.

Game seed: 8531579376110692844

53690 jasper the Geomancer (level 14, -2/68 HPs)
             Began as a Spriggan Conjurer on May 11, 2023.
             Was a High Priest of Sif Muna.
             Slain by a catoblepas (14 damage)
             ... while petrified by a catoblepas
             ... on level 5 of the Lair of Beasts.
             The game lasted 00:51:09 (22865 turns).

jasper the Geomancer (Spriggan Conjurer)           Turns: 22865, Time: 00:51:09

Health: -2/68      AC:  8    Str:  3    XL:     14   Next: 31%
Magic:  15/22      EV:  4    Int: 24    God:    Sif Muna [*****.]
Gold:   1504       SH:  0    Dex: 14    Spells: 4/23 levels left

rFire   . . .        X - staff of conjuration
rCold   + . .        (shield currently unavailable)
rNeg    + + +        R - +0 steam dragon scales
rPois   ∞            n - +2 hat
rElec   .            x - +0 cloak
rCorr   .            (gloves unavailable)
SInv    +            (boots unavailable)
Will    ++...        i - amulet of magic regeneration
Stlth   ++           O - ring of poison resistance
HPRegen 0.31/turn    L - ring of protection from cold
MPRegen 0.58/turn

%: no passive effects
@: petrified, very quick
A: very small, no large weapons, unfitting armour, see invisible, speed 3
a: Renounce Religion, Channel Magic, Forget Spell, Divine Exegesis


You were on level 5 of the Lair of Beasts.
You worshipped Sif Muna.
Sif Muna was extremely pleased with you.
You visited 3 branches of the dungeon, and saw 22 of its levels.
You also visited: Gauntlet.

You collected 1504 gold pieces.

Inventory:

Missiles
 E - 3 curare-tipped darts
Armour
 n - a +2 hat (worn)
 x - a +0 cloak (worn)
 R - +0 steam dragon scales (worn)
Magical Staves
 v - a staff of fire
 z - a staff of earth
 X - a staff of conjuration (weapon)
Jewellery
 b - an amulet of regeneration
 d - a ring of fire
 i - an amulet of magic regeneration (around neck)
 u - a ring of flight
 L - a ring of protection from cold (right hand)
 O - a ring of poison resistance (left hand)
 W - a ring of willpower
Wands
 k - a wand of paralysis (2)
 m - a wand of roots (6)
 t - a wand of flame (20)
 G - a wand of polymorph (10)
 Q - a wand of digging (3)
Scrolls
 e - 8 scrolls of identify
 f - a scroll of fear
 j - 3 scrolls of magic mapping
 o - a scroll of amnesia
 r - a scroll of noise
 s - a scroll of immolation
 D - 4 scrolls of teleportation
 M - 4 scrolls of enchant weapon
 N - 3 scrolls of brand weapon
 T - a scroll of torment
 V - a scroll of poison
 Z - a scroll of fog
Potions
 a - 3 potions of flight
 c - a potion of cancellation
 g - 5 potions of degeneration
 h - 5 potions of curing
 l - a potion of might
 p - 3 potions of heal wounds
 w - a potion of haste
 A - 2 potions of mutation
 C - a potion of ambrosia
 H - 2 potions of brilliance
 I - 2 potions of attraction
 J - 2 potions of invisibility
 K - a potion of magic
 P - a potion of lignification
Miscellaneous
 F - a lightning rod (2/4)
 U - a phantom mirror


   Skills:
 - Level 5.3 Fighting
 - Level 9.0 Dodging
 - Level 3.0 Stealth
 - Level 5.2 Spellcasting
 + Level 12.1 Conjurations
 - Level 6.0 Hexes
 - Level 7.0 Translocations
 + Level 12.2 Earth Magic
 - Level 9.2 Invocations
 - Level 6.0 Evocations


You had 4 spell levels left.
You knew the following spells:

 Your Spells              Type           Power      Damage    Failure   Level
a - Magic Dart            Conj           100%       1d8       1%          1
b - Searing Ray           Conj           100%       2d8       1%          2
c - Fulminant Prism       Conj/Hex       32%        3d15      1%          4
d - Iskenderun's Mystic   Conj/Tloc      68%        2d14      1%          4
e - Blink                 Tloc           80%        N/A       1%          2
f - Iron Shot             Conj/Erth      38%        9d8       9%          6

Your spell library contained the following spells:

 Spells                   Type           Power      Damage    Failure   Level
 Kiss of Death            Conj/Necr      100%       2d13      1%          1
 Lesser Beckoning         Tloc           80%        N/A       1%          2
 Momentum Strike          Conj/Tloc      100%       3d10      1%          2
 Passwall                 Tmut/Erth      29%        N/A       1%          2
 Dazzling Flash           Conj/Hex       100%       N/A       1%          3
 Gell's Gravitas          Tloc           40%        N/A       1%          3
 Teleport Other           Tloc           40%        N/A       1%          3
 Confusing Touch          Hex            35%        N/A       2%          3
 Hailstorm                Conj/Ice       52%        3d12      2%          3
 Ensorcelled Hibernation  Hex/Ice        40%        N/A       3%          2
 Animate Armour           Summ/Erth      70%        N/A       7%          4
 Petrify                  Tmut/Erth      35%        N/A       7%          4
 Sticky Flame             Conj/Fire      52%        2d7       7%          4
 Summon Guardian Golem    Hex/Summ       20%        N/A       8%          3
 Cause Fear               Hex            17%        N/A       8%          4
 Necrotise                Necr           24%        1d5       9%          1
 Summon Small Mammal      Summ           24%        N/A       9%          1
 Call Canine Familiar     Summ           6%         N/A       26%         3
 Frozen Ramparts          Ice            12%        1d2       26%         3
 Ignite Poison            Fire/Tmut/Pois 6%         N/A       26%         3
 Spider Form              Tmut/Pois      6%         N/A       26%         3
 Swiftness                Air            6%         N/A       26%         3
 Vampiric Draining        Necr           6%         2d6       26%         3
 Anguish                  Hex/Necr       10%        N/A       26%         4
 Dispel Undead            Necr           6%         3d8       65%         4
 Ice Form                 Ice/Tmut       6%         N/A       65%         4
 Summon Ice Beast         Ice/Summ       6%         N/A       65%         4
 Orb of Destruction       Conj           38%        9d11      45%         7
 Summon Forest            Summ/Tloc      11%        N/A       50%         5
 Metabolic Englaciation   Hex/Ice        10%        N/A       56%         5
 Summon Mana Viper        Hex/Summ       20%        N/A       56%         5
 Dispersal                Tloc           20%        N/A       58%         6
 Statue Form              Tmut/Erth      23%        N/A       71%         6
 Agony                    Necr           6%         N/A       94%         5
 Blade Hands              Tmut           3%         N/A       94%         5
 Enfeeble                 Hex            17%        N/A       99%         7
 Spellforged Servitor     Conj/Summ      26%        N/A       99%         7
 Simulacrum               Ice/Necr       3%         N/A       100%        6
 Summon Cactus Giant      Summ           3%         N/A       100%        6
 Borgnjor's Revivificati  Necr           3%         N/A       100%        8
 Ignition                 Fire           3%         3d4       100%        8
 Necromutation            Tmut/Necr      3%         N/A       100%        8
 Death's Door             Necr           3%         N/A       100%        9


Dungeon Overview and Level Annotations

Branches:
Dungeon (15/15)              Lair (5/5) D:11         Shoals (0/4) Lair:2
  Snake (0/4) Lair:2        Slime (0/5) Lair:5          Orc (2/2) D:12
    Elf (0/3) Orc:2        Depths (0/4) D:15        Gauntlet (visited)
 Temple: D:4-7       Vaults: D:13-14

Altars:
Ashenzari
Fedhas
Gozag
Hepliaklqana
Makhleb
Nemelex Xobeh
Okawaru
Sif Muna

Portals:
Trove: D:12 (give 6 scrolls of fear)

Annotations:
D:9 3 runed translucent doors, bungle's ghost, journeyman DjCj
Lair:4 2 runed translucent doors, Laummuim's ghost, journeyman FeFi


Innate Abilities, Weirdness & Mutations

You are very small and have problems with some larger weapons.
You are too small for most types of armour.
You have supernaturally acute eyesight. (SInv)
You cover ground extremely quickly. (Speed+++)


Message History

The blast of calcifying dust hits you.
You take 5 damage, and have 52/68 hp.
Your fulminant prism crackles loudly.
Your fulminant prism explodes!
The blast of energy engulfs the catoblepas!
The catoblepas is almost dead.
The catoblepas breathes a plume of calcifying dust at you.
The blast of calcifying dust hits you!
You are engulfed in calcifying dust.
You take 8 damage, and have 44/68 hp.
You are engulfed in calcifying dust.
You are slowing down.
Casting: Fulminant Prism (dangerous; 1% risk of failure)
Confirm with . or Enter, or press ? or * to list all spells.
Aiming: Fulminant Prism (dangerous; 1% risk of failure)
Press: ? - help, Dir - move target You feel a surge of power!
You conjure a prism of explosive energy!
A fulminant prism comes into view.
You are engulfed in calcifying dust.
Your limbs are stiffening.
You now have 10/22 mp.
You are engulfed in calcifying dust.
Your fulminant prism crackles loudly.
The catoblepas breathes a plume of calcifying dust at you.
The blast of calcifying dust hits you.
You have turned to stone.
Your fulminant prism explodes!
The blast of energy engulfs the catoblepas!
The catoblepas is almost dead.
The catoblepas gores you! The catoblepas gores you.
The catoblepas breathes a plume of calcifying dust at you.
The blast of calcifying dust hits you.
You are engulfed in calcifying dust.
The catoblepas gores you.
You are engulfed in calcifying dust.
The catoblepas breathes a plume of calcifying dust at you.
The blast of calcifying dust hits you.
You are engulfed in calcifying dust.
The catoblepas gores you!!
* * * LOW HITPOINT WARNING * * *
The catoblepas gores you!!
You die...

###.##.###.##...........
P##.#.#..^.#..P...........
.........#................
..........................
..........................
..........................
.................§........
................†§........
.....§.§§@Y......?........
........................PP
..P..........#..#.........
..########..####..........
. #### #...######.. #.F..#
### #..#.. #...#.


You could see a catoblepas.

Vanquished Creatures
  Gastronok (Lair:3)
  5 hydras
  4 catoblepae
  2 centaur warriors (D:14)
  12 death yaks
  2 boulder beetles
  3 two-headed ogres
  Urug (D:10)
  Sonja (Lair:1)
  2 skysharks
  Pikel (D:8)
  3 harpies (Lair:2)
  An orc knight (Orc:1)
  A deep elf pyromancer (D:12)
  A cyclops (D:13)
  2 manticores
  3 elephants (Lair:2)
  2 black mambas
  2 unseen horrors
  4 gargoyles
  7 cane toads
  7 komodo dragons
  7 rime drakes
  A troll (D:14)
  3 polar bears
  A blink frog (Lair:5)
  4 dream sheep (Lair:4)
  6 slime creatures
  2 wyverns
  A vampire (D:9)
  2 wraiths
  A shadow (D:12)
  4 basilisks
  49 yaks
  Grum (D:10)
  A steam dragon (Lair:3)
  4 wargs
  4 vampire mosquitoes
  2 acid dragons (D:12)
  10 water moccasins
  A sky beast (D:8)
  7 black bears
  11 orc warriors
  An ice beast (D:7)
  5 ogres
  16 wolves
  2 centaurs
  2 kobold brigands
  2 lemures (D:8)
  10 bullfrogs
  A gnoll sergeant (D:9)
  4 scorpions
  9 killer bees
  5 howler monkeys
  4 electric eels
  4 lava snakes (Lair:5)
  3 jellies
  6 hounds
  2 gnoll boudas
  7 orc priests
  7 iguanas
  A sleepcap (D:6)
  Ijyb (D:3)
  10 orc wizards
  15 gnolls
  11 adders
  3 white imps
  5 dart slugs
  58 orcs
  7 ball pythons
  5 bats
  4 endoplasms
  6 giant cockroaches
  10 hobgoblins
  6 quokkas
  4 frilled lizards
  4 goblins
  11 kobolds
  10 rats
450 creatures vanquished.

Vanquished Creatures (collateral kills)
  A cyclops (D:14)
1 creature vanquished.

Vanquished Creatures (others)
  298 fulminant prisms
298 creatures vanquished.

Grand Total: 749 creatures vanquished

Notes
Turn   | Place    | Note
-------+----------+-------------------------------------------
     0 | D:1      | jasper the Spriggan Conjurer began the quest for the Orb.
     0 | D:1      | Reached XP level 1. HP: 9/9 MP: 5/5
   260 | D:1      | Reached XP level 2. HP: 13/13 MP: 3/6
   263 | D:1      | Learned a level 2 spell: Searing Ray
  1215 | D:2      | Reached XP level 3. HP: 14/16 MP: 5/8
  2424 | D:3      | Reached XP level 4. HP: 21/21 MP: 6/9
  2781 | D:3      | Noticed Ijyb
  2793 | D:3      | Killed Ijyb
  2813 | D:3      | Reached XP level 5. HP: 24/24 MP: 0/10
  2818 | D:3      | Learned a level 4 spell: Fulminant Prism
  3101 | D:3      | Found a shimmering blue altar of Sif Muna.
  3421 | D:3      | Found a faded altar of an unknown god.
  3682 | D:3      | Found a blossoming altar of Fedhas.
  4068 | D:4      | Reached skill level 5 in Spellcasting
  4068 | D:4      | Reached XP level 6. HP: 28/28 MP: 6/14
  4073 | D:4      | Learned a level 4 spell: Iskenderun's Mystic Blast
  4076 | D:4      | Learned a level 2 spell: Blink
  4267 | D:4      | Noticed an orc warrior
  4273 | D:4      | Reached skill level 1 in Hexes
  4273 | D:4      | Reached skill level 1 in Translocations
  4303 | D:4      | Killed an orc warrior
  4304 | D:4      | Reached skill level 5 in Conjurations
  5289 | D:4      | Reached XP level 7. HP: 32/32 MP: 10/15
  5381 | D:3      | Became a worshipper of Sif Muna the Loreminder
  5409 | D:5      | Entered Level 5 of the Dungeon
  6153 | D:5      | Reached skill level 5 in Translocations
  6229 | D:5      | Found a hazy altar of Hepliaklqana.
  6264 | D:5      | Reached XP level 8. HP: 36/36 MP: 13/16
  6527 | D:6      | Reached skill level 5 in Hexes
  6555 | D:6      | Reached * piety under Sif Muna
  6661 | D:6      | Found a burning altar of Makhleb.
  6982 | D:7      | Reached skill level 1 in Invocations
  7020 | D:7      | Found a sparkling altar of Nemelex Xobeh.
  7136 | D:7      | HP: 1/37 [orc warrior/+0 trident (9)]
  7151 | D:7      | Reached skill level 1 in Fighting
  7363 | D:8      | Found an iron altar of Okawaru.
  7414 | D:8      | Identified the +3 dagger "Raibiy" {spect, Drain rC+++ rCorr
                  | Dex+5}
  7560 | D:8      | Reached XP level 9. HP: 28/42 MP: 8/17
  7977 | D:8      | Noticed Pikel
  8045 | D:8      | Killed Pikel
  8046 | D:8      | Reached skill level 5 in Dodging
  8050 | D:8      | Reached skill level 5 in Invocations
  8263 | D:8      | Found a broken altar of Ashenzari.
  8566 | D:9      | Found a runed translucent gate.
  8566 | D:9      | Found a runed translucent gate.
  8566 | D:9      | Found a runed translucent gate.
  8567 | D:9      | Noticed bungle's ghost (journeyman DjCj)
  9129 | D:9      | Noticed a two-headed ogre
  9135 | D:9      | Killed a two-headed ogre
  9309 | D:9      | Reached ** piety under Sif Muna
  9310 | D:9      | Reached XP level 10. HP: 22/49 MP: 13/18
  9924 | D:10     | Entered Level 10 of the Dungeon
  9934 | D:10     | Noticed a two-headed ogre
  9998 | D:10     | Noticed a two-headed ogre
 10004 | D:10     | Noticed Grum
 10022 | D:10     | Killed a two-headed ogre
 10023 | D:10     | Killed Grum
 10112 | D:10     | Noticed Urug
 10145 | D:10     | Killed Urug
 10183 | D:10     | Killed a two-headed ogre
 10195 | D:10     | Reached skill level 5 in Fighting
 10568 | D:10     | Found an opulent altar of Gozag.
 11064 | D:11     | Noticed a manticore
 11159 | D:11     | Killed a manticore
 11160 | D:11     | Reached XP level 11. HP: 25/56 MP: 13/19
 11516 | D:11     | Reached skill level 5 in Evocations
 11621 | D:11     | Reached *** piety under Sif Muna
 11685 | D:11     | Learned a level 6 spell: Iron Shot
 11731 | D:11     | Found a staircase to the Lair.
 12103 | D:11     | Reached skill level 1 in Earth Magic
 12413 | Lair:1   | Entered Level 1 of the Lair of Beasts
 12589 | Lair:1   | Noticed Sonja
 12601 | Lair:1   | Killed Sonja
 12684 | Lair:1   | Noticed a catoblepas
 12936 | Lair:1   | Killed a catoblepas
 13185 | Lair:1   | Reached **** piety under Sif Muna
 13186 | Lair:1   | Reached skill level 5 in Earth Magic
 13433 | Lair:2   | Reached XP level 12. HP: 55/60 MP: 7/20
 13800 | Lair:2   | Found a staircase to the Shoals.
 13816 | Lair:2   | Noticed a seven-headed hydra
 13941 | Lair:2   | Killed a seven-headed hydra
 13950 | Lair:2   | Noticed a boulder beetle
 14002 | Lair:2   | Killed a boulder beetle
 14614 | Lair:2   | Found a staircase to the Snake Pit.
 14963 | Lair:3   | Noticed a catoblepas
 14975 | Lair:3   | Killed a catoblepas
 15086 | Lair:3   | Noticed a death yak
 15129 | Lair:2   | Killed a death yak
 15327 | D:12     | Found a staircase to the Orcish Mines.
 15868 | D:12     | Identified the +0 ring mail of Ypafaos {*Slow rC- rN+++
                  | Regen+}
 15938 | D:12     | Found a portal to a secret trove of treasure.
 16040 | D:12     | Identified the ring "Niesmoti" {Ice rPois Will+ Dex+2 SInv}
 16200 | D:12     | You fall into a shaft and drop 3 floors!
 16200 | D:15     | Entered Level 15 of the Dungeon
 16217 | D:15     | Found a staircase to the Depths.
 16218 | D:15     | Noticed a fire giant
 16262 | D:14     | Noticed a centaur warrior
 16274 | D:14     | Killed a centaur warrior
 16274 | D:14     | Noticed a centaur warrior
 16275 | D:14     | Reached XP level 13. HP: 41/63 MP: 6/21
 16290 | D:14     | HP: 2/63 [centaur warrior (12)]
 16292 | D:14     | Reached skill level 10 in Conjurations
 16973 | D:13     | Found a gate leading to a gauntlet.
 16979 | Gauntlet | Entered a Gauntlet
 16979 | Gauntlet | Found a transporter.
 17004 | Gauntlet | Found a transporter.
 17015 | Gauntlet | Found a transporter.
 17020 | Gauntlet | Found a transporter.
 17037 | Gauntlet | Found a transporter.
 17055 | Gauntlet | Found a transporter.
 17067 | Gauntlet | Found a transporter.
 17079 | Gauntlet | Found a transporter.
 17091 | Gauntlet | Found a transporter.
 17103 | Gauntlet | Found a transporter.
 17120 | Gauntlet | Found a transporter.
 17120 | Gauntlet | Found a transporter.
 17142 | Gauntlet | Found a transporter.
 17142 | Gauntlet | Found a transporter.
 17164 | Gauntlet | Found a transporter.
 17186 | Gauntlet | Found a transporter.
 17263 | Gauntlet | Found a transporter.
 17292 | Gauntlet | Found a transporter.
 17620 | Gauntlet | Identified the +0 hat of Qetruf {Regen+}
 17778 | Gauntlet | Identified the ring of Sif Muna's Indignation {Fire rElec
                  | rPois rCorr Int-2}
 17778 | Gauntlet | Noticed a minotaur
 18172 | Orc:1    | Entered Level 1 of the Orcish Mines
 18175 | Orc:1    | Reached ***** piety under Sif Muna
 18819 | Orc:2    | Entered Level 2 of the Orcish Mines
 18911 | Orc:1    | Received a gift from Sif Muna
 18912 | Orc:1    | Reached skill level 10 in Earth Magic
 19054 | Orc:2    | Found a staircase to the Elven Halls.
 19901 | Lair:3   | Noticed Gastronok
 20430 | Lair:3   | Killed Gastronok
 20865 | Lair:4   | Found a large runed translucent door.
 20865 | Lair:4   | Found a large runed translucent door.
 20865 | Lair:4   | Noticed Laummuim's ghost (journeyman FeFi)
 21026 | Lair:4   | Received a gift from Sif Muna
 21364 | Lair:4   | Reached XP level 14. HP: 62/68 MP: 11/22
 21873 | Lair:5   | Entered Level 5 of the Lair of Beasts
 22695 | Lair:5   | Found a staircase to the Slime Pits.
 22865 | Lair:5   | Slain by a catoblepas

Illustrated notes

Levels and vault maps discovered:
D:1:      onia_arrival_pentagram, layout_loops_ring, serial_glass,
          glass_columns_c, glass_columns_a, minmay_misc_feat_diagonals
D:2:      layout_basic
D:3:      layout_basic, mainiacjoe_overflow_tiny_flanked,
          general_overflow_altar, nicolae_ecumenical_oubliette, uniq_ijyb
D:4:      layout_basic, gup_sewer_entry_bubbles, kennysheep_small_spiral,
          grunt_ministairs_10, guppyfry_early_orc_mine
D:5:      layout_basic, lemuel_crystal_altar, serial_curves, eino_curves_03,
          eino_curves_02, eino_curves_04
D:6:      layout_cave_pools, makhleb_altar_promises_db
D:7:      layout_rooms, chequers_temple_overflow_minitemple,
          mainiacjoe_overflow_24_doors, minmay_temple_entry_nine_rooms,
          roderic_serpentine_path, minmay_joined_circles
D:8:      layout_loops_corners, okawaru_ov_weapons_minmay,
          mainiacjoe_overflow_catwalk, uniq_pikel
D:9:      layout_basic, gammafunk_ghost_necromancy
D:10:     layout_irregular_city, grunt_gozag_statues, minmay_fractal_squares_5,
          uniq_urug, uniq_grum
D:11:     layout_basic, grunt_lair_entry_orc_guard_hut,
          chequers_serial_rivers_marsh
D:12:     layout_basic, orc_0_dummy, nicolae_trove_entry_isolated
D:13:     layout_loops_corners, gauntlet_entry_generic
D:14:     layout_cave_pools, david_vaults_4
D:15:     grunt_enter_depths_giant_problem, layout_gridville,
          nicolae_tso_swordbearing_angel, uniq_josephine
Lair:1:   layout_chaotic_city, uniq_sonja
Lair:2:   layout_cave_pods, nicolae_shoals_entry_roost, dummy_snake_entry,
          grunt_megastairs_4, serial_bayou_shore_a
Lair:3:   layout_chaotic_city, chequers_serial_rivers_micro_e, uniq_gastronok
Lair:4:   layout_roguey, ebering_ghost_disaster_area
Lair:5:   hangedman_lair_in_review, layout_hall_layers, slime_entry_1,
          nicolae_lair_liquid_snakes
Orc:1:    layout_caves
Orc:2:    st_orc_town, layout_caves

Skill      XL: |  1  2  3  4  5  6  7  8  9 10 11 12 13 14 |
---------------+-------------------------------------------+-----
Conjurations   | 3 4 5 6 8 9 11 12 | 12.1
Spellcasting   | 5 |  5.2
Hexes          | 2 4 6 |  6.0
Translocations | 2 5 7 |  7.0
Dodging        | 4 6 9 |  9.0
Invocations    | 3 6 9 |  9.2
Fighting       | 1 3 5 |  5.3
Evocations     | 2 6 |  6.0
Earth Magic    | 5 9 11 12 | 12.2
Stealth        | |  3.0

Action                     |  1- 3 |  4- 6 |  7- 9 | 10-12 | 13-15 || total
---------------------------+-------+-------+-------+-------+-------++-------
  Melee: Unarmed           |     9 |     1 |       |       |       ||    10
         Dagger            |       |       |     1 |    48 |     3 ||    52
         Punch             |       |       |       |     1 |       ||     1
         Staff             |       |       |       |       |    22 ||    22
  Throw: Dart              |       |       |       |     2 |       ||     2
   Cast: Magic Dart        |    86 |    94 |    71 |    45 |    35 ||   331
         Searing Ray       |     2 |    22 |    43 |    28 |    20 ||   115
         Fulminant Prism   |       |       |    25 |   144 |   129 ||   298
         Iskenderun's Myst |       |       |    11 |   101 |    91 ||   203
         Iron Shot         |       |       |       |     6 |       ||     6
 Invoke: Channel Magic     |       |       |       |     2 |       ||     2
  Evoke: Lightning rod     |       |       |     3 |    16 |     8 ||    27
         Wand              |       |       |       |     6 |    13 ||    19
         Phantom mirror    |       |       |       |       |     1 ||     1
    Use: Scroll            |       |     7 |     6 |    13 |     4 ||    30
         Potion            |       |       |     1 |     2 |     1 ||     4
   Stab: Petrified         |       |       |       |     2 |       ||     2
         Paralysed         |       |       |       |       |    11 ||    11
 Armour: Robe              |     2 |     1 |     1 |    10 |       ||    14
         Steam dragon scal |       |       |       |     2 |    18 ||    20
  Dodge: Dodged            |    18 |     8 |    59 |   142 |   110 ||   337
  Block: Other             |       |     2 |       |       |       ||     2
